 Dungeon Sprint DCSS version 0.19.0-20-gbc5f0c6 (webtiles) character file.

136 lorenzova the Archer (level 4, -15/44 HPs)
             Began as a Centaur Hunter on Nov 17, 2016.
             Demolished by a chaos spawn (17 damage)
             ... summoned by a kobold demonologist
             ... in the Dungeon (Sprint III: "The Ten Rune Challenge").
             The game lasted 00:03:34 (757 turns).

lorenzova the Archer (Centaur Hunter)                Turns: 757, Time: 00:03:35

Health: -15/44     AC:  4    Str: 14    XL:     4   Next: 98%
Magic:  4/4        EV:  9    Int: 12    God:
Gold:   24         SH:  0    Dex:  9    Spells: 0 memorised, 3 levels left

rFire  . . .     SeeInvis .     a - +1 shortbow
rCold  . . .     Gourm    .     c - +0 leather armour
rNeg   . . .     Faith    .     (shield currently unavailable)
rPois  .         Spirit   .     (no helmet)
rElec  .         Reflect  .     (no cloak)
rCorr  .         Harm     .     (no gloves)
MR     .....     NoTele   +     (no barding)
Stlth  +.........               (no amulet)
                                (no ring)
                                (no ring)

@: very quick
A: hooves 3, clever 1, clumsy 1, deformed body, speed 2, tough skin 3, sturdy
frame 1
a: no special abilities


You were in the Dungeon.
You were not hungry.

You visited 1 branch You collected 24 gold pieces.

Inventory:

Hand Weapons
 a - a +1 shortbow (weapon)
 b - a +0 short sword
Missiles
 d - 3 arrows (quivered)
Armour
 c - a +0 leather armour (worn)
Wands
 m - a wand of polymorph (11/24)
Scrolls
 k - a scroll of blinking
 l - a scroll of enchant weapon {unknown}
 o - 2 scrolls of torment {unknown}
 q - 2 scrolls of remove curse {unknown}
Potions
 e - a potion of curing
 g - a potion of heal wounds
 h - a potion of haste
 i - 2 potions of magic
 j - a potion of berserk rage
 n - 2 potions of mutation
 r - a potion of might
 s - a potion of brilliance
 v - 2 potions of flight
Comestibles
 f - 2 bread rations
 t - a royal jelly


   Skills:
 + Level 5.9 Fighting
 * Level 11.6 Bows
 - Level 1.3 Dodging
 - Level 0.4 Stealth


You had 3 spell levels left.
You didn't know any spells.

Dungeon Overview and Level Annotations

Branches:
Dungeon (1/1)

Altars:
Kikubaaqudgha
Sif Muna
Vehumet


Innate Abilities, Weirdness & Mutations

You have hooves in place of feet.
Armour fits poorly on your strangely shaped body.
You cover ground very quickly.
You have extremely tough skin. (AC +3)
Your mind is acute. (Int +2)
You are clumsy. (Dex -2)
Your movements are slightly less encumbered by armour. (ER -2)


Message History

Press: ? - help, Shift-Dir - straight line, f/p - kobold demonologist
Aim: a kobold demonologist, wielding a dagger and wearing a robe You shoot an arrow.
The arrow barely misses the chaos spawn.
The ufetubus hits you. x2
The kobold demonologist gestures wildly while chanting.
The chaos spawn gores you!
* * * LOW HITPOINT WARNING * * *
The chaos spawn shocks you!
* * * LOW HITPOINT WARNING * * *
Unknown command.
Firing (i - inventory):
d - 4 arrows (quivered)
Press: ? - help, Shift-Dir - straight line, f - kobold demonologist, p - chaos spawn
Aim: a kobold demonologist, wielding a dagger and wearing a robe You shoot an arrow.
The arrow hits the kobold demonologist.
The kobold demonologist is moderately wounded.
The ufetubus closely misses you. x2
The kobold demonologist hits you but does no damage.
The chaos spawn gores you!
You die...

#..#....♣.♣ ♣.#
####.....♣♣ ♣.#
...#....≈.♣♣♣♣.###+#+###
...#...≈≈♣.♣...#........
...#..≈≈≈≈♣♣♣..'.⌠......
##†#..≈≈≈≈≈≈♣♣.#...####
...#.≈≈≈≈≈≈....#.⌠.#
...#.≈≈≈≈≈.....#5..#
...#.≈≈≈.......#@###
####..÷........#4K5#
...............#55_#
▓▓▓▓▓▓▓▓▓▓▓▓▓▓▓▓▓▓▓▓


You could see a kobold demonologist, a chaos spawn, a quasit, a crimson imp, a
white imp and an ufetubus.

Vanquished Creatures
  A water elemental (D)
  A wizard (D)
  Jessica (D)
  A human (D)
  An ooze (D)
  A phantom (D)
  2 rats (D)
8 creatures vanquished.

Vanquished Creatures (others)
  2 draconian scorchers (D)
  6 hellions (D)
  2 yaktaurs (D)
10 creatures vanquished.

Grand Total: 18 creatures vanquished

Notes
Turn   | Place    | Note
-------+----------+-------------------------------------------
     0 | D        | lorenzova the Centaur Hunter began the quest for the Orb.
     0 | D        | Reached XP level 1. HP: 17/17 MP: 1/1
     4 | D        | Reached skill level 6 in Bows
    23 | D        | Noticed Jessica
    27 | D        | Killed Jessica
    27 | D        | Reached skill level 8 in Bows
    27 | D        | Reached XP level 2. HP: 27/27 MP: 2/2
    28 | D        | Reached XP level 3. HP: 33/33 MP: 3/3
    85 | D        | Killed a hellion
    85 | D        | Killed a hellion
    87 | D        | Killed a hellion
   111 | D        | Killed a hellion
   153 | D        | Reached skill level 9 in Bows
   153 | D        | Killed a hellion
   204 | D        | Killed a yaktaur
   217 | D        | Killed a hellion
   281 | D        | Killed a white draconian scorcher
   282 | D        | Killed a white draconian scorcher
   373 | D        | Killed a yaktaur
   466 | D        | Gained mutation: You are clumsy. (Dex -2) [potion of mutation]
   466 | D        | Gained mutation: Your movements are slightly less encumbered by armour. (ER -2) [potion of mutation]
   466 | D        | Gained mutation: Your mind is acute. (Int +2) [potion of mutation]
   481 | D        | Noticed a water elemental
   498 | D        | Killed a water elemental
   498 | D        | Reached skill level 5 in Fighting
   498 | D        | Reached skill level 11 in Bows
   498 | D        | Reached XP level 4. HP: 8/42 MP: 4/4
   744 | D        | Found a radiant altar of Vehumet.
   744 | D        | Found a deep blue altar of Sif Muna.
   744 | D        | Found an ancient bone altar of Kikubaaqudgha.
   744 | D        | Noticed a wizard
   745 | D        | Killed a wizard
   754 | D        | Noticed a chaos spawn
   756 | D        | HP: 2/44 [chaos spawn[a kobold demonologist] (8)]
   757 | D        | Demolished by a chaos spawn

Skill      XL: |  1  2  3 |
---------------+----------+-----
Bows           | 8 11 | 11.6
Fighting       | 4 5 |  5.9
Dodging        | |  1.3
Stealth        | |  0.4

Action                   |  1- 3 |  4- 6 || total
-------------------------+-------+-------++-------
Melee: Short sword       |    12 |       ||    12
       Kick              |     1 |       ||     1
 Fire: Shortbow          |    46 |    12 ||    58
  Use: Scroll            |     3 |       ||     3
       Potion            |     2 |       ||     2
Armor: Leather armour    |     3 |     8 ||    11
Dodge: Dodged            |    15 |     6 ||    21
